 Dungeon Crawl Stone Soup version 0.15.0-11-g6f4f891 (webtiles) character file.

1423 MDvedh the Cleaver (level 8, 0/64 HPs)
             Began as a Hill Orc Fighter on Aug 31, 2014.
             Slain by an unseen horror (8 damage)
             ... on Level 6 of the Dungeon.
             The game lasted 00:07:34 (6624 turns).

MDvedh the Cleaver (Hill Orc Fighter)               Turns: 6624, Time: 00:07:34

HP   0/64        AC  9     Str 21      XL: 8   Next: 72%
MP   8/8         EV  6     Int  8      God:
Gold 434         SH  9     Dex 10      Spells:  0 memorised,  7 levels left

rFire  + . .     SeeInvis .     a - +0 war axe (curse)
rCold  . . .     Clarity  .     b - +0 scale mail
rNeg   . . .     rCorr    .     c - +0 shield
rPois  .         rRot     .     p - +0 helmet
rElec  .         Spirit   .     (no cloak)
SustAb .         Warding  .     i - +0 pair of gloves
rMut   .         Stasis   .     (no boots)
Gourm  .                        (no amulet)
MR     .....                    (no ring)
                                o - ring of protection from fire

@: not resistant to hostile enchantments, extremely unstealthy
A: no striking features
a: no special abilities


You were on level 6 of the Dungeon.
You were not hungry.

You visited 1 branch of the dungeon, and saw 6 of its levels.

You collected 434 gold pieces.

Inventory:

Hand weapons
 a - a cursed +0 war axe (weapon)
Armour
 b - a +0 scale mail (worn)
 c - a +0 shield (worn)
 i - a +0 pair of gloves (worn)
 p - a +0 helmet (worn)
Comestibles
 d - 4 meat rations
 j - 8 bread rations
 m - a slice of pizza
 z - 3 fruits
Scrolls
 e - 3 scrolls of identify
 g - 3 scrolls of fear
 u - 3 scrolls of remove curse
 v - 2 scrolls of random uselessness {unknown}
 x - 2 scrolls of magic mapping
 y - a scroll of teleportation {unknown}
 A - a scroll of blinking {unknown}
 B - a scroll of fog {unknown}
 D - a scroll of enchant armour {unknown}
Jewellery
 k - an uncursed ring of teleportation
 o - a ring of protection from fire (left hand)
 C - an uncursed ring of wizardry {unknown}
Potions
 f - 2 potions of magic {unknown}
 h - 4 potions of curing
 l - 3 potions of haste {unknown}
 n - a potion of cancellation {unknown}
 q - a potion of poison {unknown}
 r - 2 potions of invisibility {unknown}
 s - 2 potions of resistance
 t - a potion of heal wounds {unknown}
 w - a potion of brilliance {unknown}


   Skills:
 - Level 3.6 Fighting
 + Level 13.3 Axes
 - Level 3.2 Armour
 - Level 3.2 Shields


You had 7 spell levels left.
You didn't know any spells.

Dungeon Overview and Level Annotations

Branches:
Dungeon (6/15)             Temple (0/1) D:5

Altars:
Elyvilon
Fedhas
Nemelex Xobeh
Okawaru


Message History

Something hits you.
The worker ant zombie barely misses you.
You hit the worker ant zombie but do no damage.
Something hits you but does no damage.
The worker ant zombie completely misses you.
You slash the worker ant zombie!
You destroy the worker ant zombie!
Something hits you but does no damage.
No target in view!
Something hits you. Something hits you but does no damage. Something hits you!
You completely miss something. Something hits you but does no damage.
Something hits you but does no damage. Something hits you.
* * * LOW HITPOINT WARNING * * *
You block its attack. Something hits you!
* * * LOW HITPOINT WARNING * * *
Something hits you!
You die...

##### # #...# ....
#...# .... #...###
##'#####...#@#
#.........##.##'#..(.
#...............'....
#......#.....##'#(...
####......##.##.# ..
##..##...####.##.#
...
.....')..'..'..... .
####(#...#.##.##...
####.#...#.##.#####.


There were no monsters in sight!

Vanquished Creatures
  Edmund (D:6)
  Menkaure (D:6)
  An ice beast (D:5)
  The ghost of MDvedh the Chopper, an average MiGl (D:3)
  A centaur (D:5)
  An ogre (D:4)
  Duvessa (D:6)
  A scorpion (D:4)
  Dowan (D:6)
  A crimson imp (D:5)
  5 hounds
  An orc wizard (D:5)
  An iguana (D:5)
  5 worker ants
  Ijyb (D:3)
  A worker ant zombie (D:6)
  10 gnolls
  7 adders
  2 shadow imps
  An inept item mimic (D:3)
  3 worms
  3 giant geckos
  An ooze (D:5)
  8 orcs
  A bat zombie (D:5)
  6 giant cockroaches
  12 goblins
  13 hobgoblins
  11 jackals
  5 quokkas
  13 bats
  4 giant newts
  12 kobolds
  8 rats
  A rat skeleton (D:5)
  A rat zombie (D:5)
146 creatures vanquished.

Notes
Turn   | Place    | Note
--------------------------------------------------------------
     0 | D:1      | MDvedh, the Hill Orc Fighter, began the quest for the Orb.
     0 | D:1      | Reached XP level 1. HP: 19/19 MP: 1/1
   199 | D:1      | Reached XP level 2. HP: 23/26 MP: 2/2
   336 | D:1      | Reached skill level 4 in Axes
   500 | D:1      | Reached XP level 3. HP: 23/31 MP: 3/3
   802 | D:2      | Reached skill level 5 in Axes
  1153 | D:2      | Reached XP level 4. HP: 37/39 MP: 4/4
  1591 | D:3      | Noticed MDvedh's ghost (average MiGl)
  1592 | D:3      | Reached skill level 6 in Axes
  1826 | D:3      | Killed MDvedh's ghost
  1826 | D:3      | Reached skill level 7 in Axes
  1826 | D:3      | Reached XP level 5. HP: 8/45 MP: 5/5
  2558 | D:3      | Noticed Ijyb
  2559 | D:3      | Found an iron altar of Okawaru.
  2584 | D:3      | Killed Ijyb
  2786 | D:3      | Reached skill level 8 in Axes
  2957 | D:3      | Reached XP level 6. HP: 47/51 MP: 6/6
  3077 | D:4      | Reached skill level 9 in Axes
  3264 | D:4      | Found an iron altar of Okawaru.
  3355 | D:4      | Reached XP level 7. HP: 55/57 MP: 7/7
  3401 | D:4      | Reached skill level 10 in Axes
  3973 | D:4      | Found a white marble altar of Elyvilon.
  4009 | D:5      | Entered Level 5 of the Dungeon
  4066 | D:5      | Found a blossoming altar of Fedhas.
  4518 | D:5      | Reached skill level 11 in Axes
  4808 | D:5      | Found a sparkling altar of Nemelex Xobeh.
  4930 | D:5      | Reached XP level 8. HP: 60/64 MP: 8/8
  4948 | D:5      | Found a staircase to the Ecumenical Temple.
  5724 | D:6      | Noticed Edmund
  5735 | D:6      | Killed Edmund
  5735 | D:6      | Reached skill level 12 in Axes
  6148 | D:6      | Noticed Menkaure
  6157 | D:6      | Killed Menkaure
  6483 | D:6      | Noticed Dowan
  6484 | D:6      | Noticed Duvessa
  6491 | D:6      | Killed Duvessa
  6491 | D:6      | Reached skill level 13 in Axes
  6500 | D:6      | Killed Dowan
  6624 | D:6      | Slain by an unseen horror

Action                   |  1- 3 |  4- 6 |  7- 9 || total
-------------------------+-------+-------+-------++-------
Melee: War axe           |   145 |   153 |   216 ||   514
  Use: Scroll            |     3 |     3 |       ||     6
       Potion            |       |     1 |     1 ||     2
  Eat: Chunk             |     1 |     3 |       ||     4
       Beef jerky        |       |     1 |       ||     1
       Bread ration      |       |     1 |     2 ||     3
